 Dungeon Sprint DCSS version 0.15.0 (webtiles) character file.

337 staplegun the Fighter (level 6, -1/44 HPs)
             Began as a Gargoyle Fighter on Aug 28, 2014.
             Was an Initiate of Qazlal.
             Slain by Sonja
             ... wielding a +0 short sword of draining
              (4 damage)
             ... in the Dungeon (Sprint I: "Red Sonja").
             The game lasted 00:02:50 (621 turns).

staplegun the Fighter (Gargoyle Fighter)             Turns: 621, Time: 00:02:51

HP  -1/44        AC 12     Str 22      XL: 6   Next: 54%
MP   6/6         EV  8     Int  8      God: Qazlal [......]
Gold 297         SH 11     Dex  9      Spells:  0 memorised,  5 levels left

rFire  . . .     SeeInvis .     a - +0 flail
rCold  . . .     Clarity  .     b - +0 scale mail
rNeg   + . .     rCorr    .     c - +0 shield
rPois  +         rRot     +     (no helmet)
rElec  +         Spirit   .     (no cloak)
SustAb .         Warding  .     (no gloves)
rMut   .         NoTele   +     (no boots)
Gourm  .                        (no amulet)
MR     .....                    (no ring)
                                (no ring)

@: exhausted, very slightly contaminated, hasted and slowed, not resistant to
hostile enchantments, extremely unstealthy
A: negative energy resistance 1, electricity resistance, unbreathing,
petrification resistance, rot immunity, AC +4
a: Renounce Religion


You were in the Dungeon.
You worshipped Qazlal.
Qazlal was noncommittal.
You were not hungry.

You visited 1 branch You collected 297 gold pieces.

Inventory:

Hand weapons
 a - a +0 flail (weapon)
Armour
 b - a +0 scale mail (worn)
 c - a +0 shield (worn)
Comestibles
 d - a bread ration
Scrolls
 k - a scroll of blinking
Potions
 i - 2 potions of magic


   Skills:
 + Level 8.1 Fighting
 + Level 7.0 Maces & Flails
 + Level 8.0 Armour
 + Level 8.1 Shields


You had 5 spell levels left.
You didn't know any spells.

Dungeon Overview and Level Annotations

Branches:
Dungeon (1/1)

Altars:
Cheibriados
Dithmenos
Elyvilon
Fedhas
Kikubaaqudgha
Makhleb
Nemelex Xobeh
Okawaru
Qazlal
Sif Muna
Trog
Vehumet
Xom
Yredelemnul
Zin
The Shining One
Jiyva

Shops:
D ?

Annotations:
D Sonja


Innate Abilities, Weirdness & Mutations

You are resistant to torment.
You are immune to poison.
Your stone body is very resilient (AC +4).
You resist negative energy.
You are resistant to electric shocks.
You can survive without breathing.
You are immune to petrification.
You are immune to rotting.


Message History

You see here 2 stones.
You closely miss Sonja.
Sonja is lightly wounded.
You block Sonja's attack.
Sonja hits you with an uncursed short sword of draining.
* * * LOW HITPOINT WARNING * * *
You block Sonja's attack.
You miss Sonja.
Sonja is lightly wounded.
Sonja hits you but does no damage.
Sonja hits you with an uncursed short sword of draining.
* * * LOW HITPOINT WARNING * * *
Sonja barely misses you.
You miss Sonja.
Sonja is lightly wounded.
Sonja hits you with an uncursed short sword of draining.
* * * LOW HITPOINT WARNING * * *
You block Sonja's attack. x3
Sonja hits you with an uncursed short sword of draining.
You die...

################ ##
#<.#..)..#..'..#__#
#..)..#..').#..+J.+
#..#####'#####'#__#
#..####..#.(.#)# ##
#..#_.####.(##)#
#..#_(.._##(#P.+
#⌠⌠#_.∩...(((._#
####_.@._##_(#+#
#___K_###(# #######
#(# +$.$+ #$.$#
##.## #'# !*!


You could see Sonja and an active ballistomycete.

Vanquished Creatures
  A yak (D)
  An ogre (D)
  Sigmund (D)
  A jelly (D)
  Ijyb (D)
5 creatures vanquished.

Vanquished Creatures (others)
  A gargoyle (D)
  A giant spore (D)
2 creatures vanquished.

Grand Total: 7 creatures vanquished

Notes
Turn   | Place    | Note
--------------------------------------------------------------
     0 | D        | staplegun, the Gargoyle Fighter, began the quest for the Orb.
     0 | D        | Reached XP level 1. HP: 14/14 MP: 1/1
     1 | D        | Noticed Ijyb
    13 | D        | Killed Ijyb
    13 | D        | Reached skill level 4 in Fighting
    13 | D        | Reached XP level 2. HP: 12/20 MP: 2/2
   141 | D        | Noticed an ogre
   148 | D        | Killed an ogre
   148 | D        | Reached skill level 5 in Fighting
   148 | D        | Reached skill level 5 in Armour
   148 | D        | Reached skill level 5 in Shields
   148 | D        | Reached XP level 3. HP: 24/27 MP: 3/3
   148 | D        | Reached XP level 4. HP: 28/32 MP: 4/4
   188 | D        | Noticed Sigmund
   210 | D        | Killed Sigmund
   210 | D        | Reached skill level 6 in Fighting
   210 | D        | Reached skill level 5 in Maces & Flails
   210 | D        | Reached XP level 5. HP: 35/37 MP: 5/5
   248 | D        | Found a snail-covered altar of Cheibriados.
   248 | D        | Found a viscous altar of Jiyva.
   248 | D        | Found a shadowy altar of Dithmenos.
   248 | D        | Found a blossoming altar of Fedhas.
   248 | D        | Noticed a slime creature
   250 | D        | Found a deep blue altar of Sif Muna.
   251 | D        | Noticed a jelly
   252 | D        | Found a radiant altar of Vehumet.
   256 | D        | Killed a jelly
   256 | D        | Reached skill level 7 in Fighting
   288 | D        | Found Bychyq's Magic Scroll Emporium.
   288 | D        | Found a white marble altar of Elyvilon.
   288 | D        | Found a stormy altar of Qazlal.
   288 | D        | Found a basalt altar of Yredelemnul.
   288 | D        | Found an iron altar of Okawaru.
   288 | D        | Found a sparkling altar of Nemelex Xobeh.
   288 | D        | Found a shimmering altar of Xom.
   288 | D        | Found an ancient bone altar of Kikubaaqudgha.
   288 | D        | Noticed a yak
   289 | D        | Found a burning altar of Makhleb.
   289 | D        | Found a glowing golden altar of the Shining One.
   296 | D        | Killed a yak
   296 | D        | Reached skill level 8 in Fighting
   296 | D        | Reached XP level 6. HP: 21/44 MP: 6/6
   297 | D        | Found a glowing silver altar of Zin.
   299 | D        | Found a bloodstained altar of Trog.
   463 | D        | Became a worshipper of Qazlal Stormbringer
   468 | D        | Noticed Sonja
   558 | D        | Killed a gargoyle
   621 | D        | Slain by Sonja

Action                   |  1- 3 |  4- 6 || total
-------------------------+-------+-------++-------
Melee: Flail             |    16 |    63 ||    79
  Use: Potion            |     1 |     4 ||     5
